 Dungeon Crawl Stone Soup version 0.28.0-61-g67df4f89a8 (webtiles) character file.

Game seed: 2344594095907225529

223 Mickster the Magician (level 5, 0/29 HPs)
             Began as a Deep Elf Venom Mage on Feb 17, 2023.
             Succumbed to a scorpion's poison
             ... on level 4 of the Dungeon.
             The game lasted 00:49:08 (4908 turns).

Mickster the Magician (Deep Elf Venom Mage)         Turns: 4908, Time: 00:49:09

Health: 0/29       AC:  3    Str:  5    XL:     5   Next: 66%
Magic:  13/14      EV: 12    Int: 20    God:
Gold:   103        SH:  0    Dex: 17    Spells: 9/14 levels left

rFire   . . .      SeeInvis .   p - +3 dagger (venom)
rCold   . . .      Faith    .   (no shield)
rNeg    . . .      Spirit   .   g - +0 leather armour
rPois   .          Reflect  .   (no helmet)
rElec   .          Harm     .   (no cloak)
rCorr   .          Rampage  .   (no gloves)
Will    .....                   (no boots)
Stlth   ++........              (no amulet)
HPRegen 0.09/turn               j - ring of flight
MPRegen 0.14/turn               (no ring)

@: lethally poisoned (0 -> -2), flying
A: no striking features
a: no special abilities


You were on level 4 of the Dungeon.
You visited 1 branch of the dungeon, and saw 4 of its levels.

You collected 103 gold pieces.

Inventory:

Hand Weapons
 b - a +0 club
 d - a +0 dagger
 e - a +0 dagger
 f - a +0 spear
 l - a +0 hunting sling
 n - a +0 whip
 p - a +3 dagger of venom (weapon)
Missiles
 c - 8 poisoned darts (quivered)
 q - a boomerang
 t - 14 arrows
Armour
 a - a +0 robe
 g - a +0 leather armour (worn)
 h - a +0 ring mail
 i - a +0 chain mail
Jewellery
 j - a ring of flight (left hand)
Scrolls
 m - 2 scrolls of teleportation
 r - a scroll of silence
 s - a scroll of identify
 u - a scroll of fog
Potions
 k - a potion of might


   Skills:
 + Level 1.2 Fighting
 + Level 0.1 Short Blades
 * Level 0.5 Polearms
 * Level 1.0 Throwing
 + Level 0.5 Armour
 + Level 2.5 Dodging
 + Level 2.6 Stealth
 + Level 5.0 Spellcasting
 + Level 2.1 Transmutations
 * Level 4.8 Poison Magic


You had 9 spell levels left.
You knew the following spells:

 Your Spells              Type           Power      Damage    Failure   Level
a - Sting                 Tmut/Pois      72%        1d6       4%          1
b - Olgreb's Toxic Radia  Pois           24%        N/A       26%         4

Your spell library contained the following spells:

 Spells                   Type           Power      Damage    Failure   Level
 Poisonous Vapours        Pois/Air       28%        N/A       11%         2
 Mephitic Cloud           Conj/Pois/Air  11%        N/A       30%         3


Dungeon Overview and Level Annotations

Branches:
Dungeon (4/15)
 Temple: D:4-7

Altars:
Ashenzari
Hepliaklqana
Makhleb
Ru

Shops:
D:3 [


Message History

The scorpion is lightly wounded.
Casting: Sting (safe; 4% risk of failure)
Confirm with . or Enter, or press ? or * to list all spells.
Aiming: Sting (safe; 4% risk of failure)
Press: ? - help, Shift-Dir - straight line, f/p - scorpion
Aim: a scorpion (lightly wounded, poisoned, 74% to hit)
The sting hits the scorpion but does no damage.
The scorpion looks even sicker.
The scorpion is lightly wounded.
The scorpion stings you. The scorpion stings you!
You hit the scorpion but do no damage.
The scorpion looks as sick as possible!
The scorpion is moderately wounded.
The scorpion stings you but does no damage.
You hit the scorpion but do no damage.
The scorpion looks as sick as possible!
The scorpion is severely wounded.
The scorpion stings you!
* * * LOW HITPOINT WARNING * * *
You are lethally poisoned!
The scorpion poisons you!
You hit the scorpion but do no damage.
The scorpion looks as sick as possible!
The scorpion is almost dead.
* * * LOW HITPOINT WARNING * * *
You feel sick.
You kill the scorpion!
Your Throwing skill increases to level 1!
Your Spellcasting skill increases to level 5!
* * * LOW HITPOINT WARNING * * *
You feel sick.
* * * LOW HITPOINT WARNING * * *
You feel sick.
There is a lethal amount of poison in your body!
Unknown command.
* * * LOW HITPOINT WARNING * * *
You feel sick.
* * * LOW HITPOINT WARNING * * *
You feel sick.
* * * LOW HITPOINT WARNING * * *
You feel sick.
A centaur skeleton comes into view.
You die...

*,,,...,,*#.# #.#*,,...##....<
*,,,....,*#.# #.#*,,,,,*###'##
*,,,.$...*#.# #.#******* #)##
*,,,.....##.#####.###########...
***,............................
*,.>..........................
*,..#####.##################.#
*,,,* #............,,,,,*#.#
*,,,* #....@.......****,*#.#
*,,,* #............,* *,*#.#
*,,,* #.......)....,***,*#.#
***** #............,,,,,*#.#
#....?......Z*****##'#
#............* #...
###########.#* #...
*****+#*****#...
********,,,,,,,,,,,#...


You could see a centaur skeleton (dormant).

Vanquished Creatures
  2 scorpions (D:4)
  3 adders
  2 worms (D:2)
  A dart slug (D:1)
  4 orcs (D:3)
  7 endoplasms
  A giant cockroach (D:4)
  7 goblins
  4 hobgoblins
  4 kobolds
  6 quokkas
  5 ball pythons
  4 bats
  5 frilled lizards (D:1)
  9 rats
64 creatures vanquished.

Notes
Turn   | Place    | Note
-------+----------+-------------------------------------------
     0 | D:1      | Mickster the Deep Elf Venom Mage began the quest for the
                  | Orb.
     0 | D:1      | Reached XP level 1. HP: 10/10 MP: 6/6
   646 | D:1      | Found a faded altar of an unknown god.
   650 | D:1      | Reached XP level 2. HP: 15/15 MP: 8/8
  1124 | D:1      | Reached XP level 3. HP: 17/19 MP: 10/10
  2138 | D:2      | Reached skill level 4 in Spellcasting
  3075 | D:3      | Found a hazy altar of Hepliaklqana.
  3076 | D:3      | Found a burning altar of Makhleb.
  3076 | D:3      | Found a broken altar of Ashenzari.
  3090 | D:3      | Found a sacrificial altar of Ru.
  3104 | D:3      | Reached XP level 4. HP: 24/24 MP: 12/12
  3131 | D:3      | Found Hoecol's Antique Armour Emporium.
  4132 | D:4      | Noticed a scorpion
  4144 | D:4      | Killed a scorpion
  4145 | D:4      | Reached skill level 1 in Fighting
  4145 | D:4      | Reached XP level 5. HP: 7/29 MP: 10/14
  4842 | D:4      | Learned a level 4 spell: Olgreb's Toxic Radiance
  4903 | D:4      | Reached skill level 1 in Throwing
  4903 | D:4      | Reached skill level 5 in Spellcasting
  4907 | D:4      | HP: 1/29 [poisoned by a scorpion]
  4908 | D:4      | Succumbed to a scorpion's poison

Illustrated notes

Levels and vault maps discovered:
D:1:      sevenhm_arrival_forest_fort_large_1, layout_rooms,
          ebering_ecumenical_altar_sacrificial
D:2:      layout_loops_ring
D:3:      layout_loops_ring, chequers_temple_overflow_statue_of_worship,
          serial_shops, nicolae_shop_advertising_works
          [nicolae_subvault_shop_adworks], nicolae_shop_hallway_stairs,
          minmay_strange_pillars, minmay_misc_feat_iff, grunt_ministairs_14,
          minmay_tree_intersection
D:4:      layout_basic, mainiacjoe_overflow_alcove_1,
          mainiacjoe_overflow_cross_hatched, minivault_27

Skill      XL: |  1  2  3  4  5 |
---------------+----------------+-----
Poison Magic   | 4 |  4.8
Spellcasting   | 4 5 |  5.0
Fighting       | 1 |  1.2
Transmutations | 2 |  2.1
Throwing       | 1 |  1.0
Short Blades   | |  0.1
Polearms       | |  0.5
Armour         | |  0.5
Dodging        | |  2.5
Stealth        | |  2.6

Action                   |  1- 3 |  4- 6 || total
-------------------------+-------+-------++-------
Melee: Club              |     9 |       ||     9
       Spear             |    53 |    14 ||    67
       Dagger            |     1 |     9 ||    10
       Punch             |     2 |       ||     2
Throw: Dart              |    46 |    10 ||    56
 Cast: Sting             |    52 |    34 ||    86
  Use: Scroll            |     4 |     2 ||     6
       Potion            |     3 |       ||     3
 Stab: Sleeping          |     1 |       ||     1
Armor: Robe              |     4 |       ||     4
       Leather armour    |    15 |     7 ||    22
Dodge: Dodged            |    65 |    25 ||    90
